 Dungeon Crawl Stone Soup version 0.14.1 (webtiles) character file.

836 E1999 the Ruinous (level 7, 0/55 HPs)
             Began as a Naga Fire Elementalist on May 1, 2014.
             Slain by an ufetubus (2 damage)
             ... summoned by Eustachio
             ... on Level 5 of the Dungeon.
             The game lasted 00:19:30 (5155 turns).

E1999 the Ruinous (Naga Fire Elementalist)          Turns: 5155, Time: 00:19:30

HP   0/55        AC  3     Str 10      XL: 7   Next: 46%
MP   3/12        EV  9     Int 17      God:
Gold 214         SH  8     Dex 12      Spells:  3 memorised,  2 levels left

rFire  . . .     SeeInvis +     q - +1,+2 falchion (elec)
rCold  . . .     Clarity  .     y - +0 robe
rNeg   . . .     Conserve .     p - +0 buckler
rPois  +         rCorr    .     (no helmet)
rElec  .         rRot     .     (no cloak)
SustAb . .       Spirit   .     (no gloves)
rMut   .         Warding  .     (no barding)
Saprov . . .     Stasis   .     (no amulet)
MR     .....                    (no ring)
                                (no ring)

@: very slightly contaminated, very slow, not resistant to hostile enchantments,
stealthy
A: spit poison, see invisible, deformed body, poison resistance, slowness 2, AC
+2
a: Spit Poison


You were on level 5 of the Dungeon.
You were hungry.

You visited 1 branch of the dungeon, and saw 5 of its levels.

You collected 214 gold pieces.

Inventory:

Hand weapons
 q - a +1,+2 falchion of electrocution (weapon)
Missiles
 l - 8 poisoned darts
 m - 4 javelins (quivered)
Armour
 p - a +0 buckler (worn)
 y - a +0 robe (worn)
Comestibles
 c - 5 bread rations
 i - a choko
 t - a meat ration
 z - a chunk of quokka flesh {@w1}
 A - 2 chunks of scorpion flesh {@w1}
Scrolls
 e - a scroll of enchant weapon I {unknown}
 h - 7 scrolls of identify
 k - 3 scrolls of remove curse
 o - 5 scrolls of amnesia {unknown}
 s - a scroll of enchant armour {unknown}
 u - a scroll of enchant weapon II
 w - a scroll of magic mapping {unknown}
Potions
 d - a potion of resistance {unknown}
 f - a potion of mutation {unknown}
 x - a potion of brilliance {unknown}
Books
 b - a book of Flames

   Spells                             Type                      Level
   *Flame Tongue                      Conjuration/Fire             1
   Throw Flame                        Conjuration/Fire             2
   *Conjure Flame                     Conjuration/Fire             3
   Inner Flame                        Hexes/Fire                   3
   *Sticky Flame                      Conjuration/Fire             4
   Fireball                           Conjuration/Fire             5
 n - a book of Annihilations {highlevel, unknown}

   This book is beyond your current level of understanding.

   Spells                             Type                      Level
   Poison Arrow                       Conjuration/Poison           6
   Chain Lightning                    Conjuration/Air              8
   Lehudib's Crystal Spear            Conjuration/Earth            8
   Glaciate                           Conjuration/Ice              9
   Fire Storm                         Conjuration/Fire             9
Rods
 g - a +0 rod of shadows (12/12)
   (You found it on level 5 of the Dungeon)


   Skills:
 - Level 1.5 Dodging
 - Level 3.0 Stealth
 - Level 1.3 Shields
 - Level 2.0 Spellcasting
 + Level 5.9 Conjurations
 + Level 5.5 Fire Magic


You had 2 spell levels left.
You knew the following spells:

 Your Spells              Type           Power        Failure   Level  Hunger
a - Flame Tongue          Conj/Fire      ###..        1%          1    #......
b - Conjure Flame         Conj/Fire      ###.....     8%          3    ####...
c - Sticky Flame          Conj/Fire      ###.....     21%         4    #####..


Dungeon Overview and Level Annotations

Branches:
Dungeon (5/15)
 Temple: D:4-7

Altars:
Yredelemnul

Shops:
D:5 (

Annotations:
D:2 Crazy Yiuf
D:5 Eustachio


Innate Abilities, Weirdness & Mutations

You cannot wear boots.
You can spit poison.
Your serpentine skin is tough (AC +2).
You have supernaturally acute eyesight.
Armour fits poorly on your strangely shaped body.
Your system is resistant to poisons.
You cover ground very slowly.


Message History

Eustachio blinks!
You block the ufetubus' attack.
The ufetubus hits you but does no damage.
Eustachio casts a spell.
Eustachio blinks!
The ufetubus hits you.
* * * LOW HITPOINT WARNING * * *
The ufetubus hits you.
* * * LOW HITPOINT WARNING * * *
Eustachio mumbles some strange words.
Eustachio blinks!
You closely miss Eustachio.
Eustachio is severely wounded.
The ufetubus barely misses you. The ufetubus misses you. The ufetubus hits you.
* * * LOW HITPOINT WARNING * * *
The ufetubus hits you.
* * * LOW HITPOINT WARNING * * *
The ufetubus hits you.
* * * LOW HITPOINT WARNING * * *
The ufetubus hits you.
You die...

.... . ### ####. ...#### #
......# # ##### .....# #
#...# #....# #...#
#######...#
###...###....##5..#######
......)......5b5@@.......
##...#......ยง############
#...#...##### #####b..#
#####


You could see Eustachio (fleeing), a quasit, 2 ufetubi and a bat.

Vanquished Creatures
  An ogre (D:5)
  A scorpion (D:5)
  2 orc priests (D:4)
  3 orc wizards (D:4)
  An iguana (D:5)
  Natasha (twice) (D:4)
  A worker ant (D:4)
  Ijyb (D:4)
  An ogre skeleton (D:3)
  3 gnolls (D:3)
  6 adders
  3 giant mites
  3 worms
  A giant eyeball (D:4)
  10 orcs
  A ball python (D:3)
  A bat skeleton (D:4)
  12 giant cockroaches
  9 goblins
  10 hobgoblins
  4 jackals
  2 quokkas
  6 bats
  2 giant geckos (D:3)
  6 giant newts
  A goblin zombie (D:5)
  10 kobolds
  11 rats
114 creatures vanquished.

Notes
Turn   | Place    | Note
--------------------------------------------------------------
     0 | D:1      | E1999, the Naga Fire Elementalist, began the quest for the Orb.
     0 | D:1      | Reached XP level 1. HP: 15/15 MP: 3/3
   461 | D:1      | Reached XP level 2. HP: 22/22 MP: 0/4
  1103 | D:1      | Reached XP level 3. HP: 28/28 MP: 4/6
  1532 | D:2      | Learned a level 3 spell: Conjure Flame
  1739 | D:2      | Reached XP level 4. HP: 29/36 MP: 0/7
  2301 | D:2      | Noticed Crazy Yiuf
  2563 | D:3      | Found a basalt altar of Yredelemnul.
  2909 | D:3      | Reached skill level 4 in Conjurations
  2922 | D:3      | Reached XP level 5. HP: 29/42 MP: 2/9
  2929 | D:3      | Learned a level 4 spell: Sticky Flame
  3700 | D:4      | Reached XP level 6. HP: 45/49 MP: 3/10
  3707 | D:4      | HP: 2/49 [orc/club (8)]
  4137 | D:4      | Reached skill level 5 in Conjurations
  4235 | D:4      | Noticed Ijyb
  4246 | D:4      | Killed Ijyb
  4316 | D:4      | Noticed Natasha
  4383 | D:4      | Killed Natasha
  4462 | D:4      | Reached skill level 1 in Shields
  4614 | D:4      | Noticed Natasha
  4622 | D:4      | Killed Natasha
  4642 | D:4      | Reached XP level 7. HP: 40/55 MP: 6/12
  4702 | D:4      | Reached skill level 5 in Fire Magic
  4822 | D:5      | Entered Level 5 of the Dungeon
  4930 | D:5      | Identified a cursed +0 rod of shadows (12/12) (You found it on level 5 of the Dungeon)
  4968 | D:5      | Found Mocavaas' Weapon Emporium.
  5136 | D:5      | Noticed Eustachio
  5155 | D:5      | HP: 2/55 [ufetubus[Eustachio] (2)]
  5155 | D:5      | Slain by an ufetubus

Action                   |  1- 3 |  4- 6 |  7- 9 || total
-------------------------+-------+-------+-------++-------
Melee: Unarmed           |    15 |       |       ||    15
       Short sword       |    13 |    24 |       ||    37
       Falchion          |       |    58 |    18 ||    76
Throw: Javelin           |    15 |     2 |     6 ||    23
 Cast: Flame Tongue      |    49 |   136 |    30 ||   215
       Conjure Flame     |       |     1 |       ||     1
       Sticky Flame      |       |     1 |     1 ||     2
 Abil: Spit Poison       |       |     2 |       ||     2
Evoke: Rod               |       |       |     2 ||     2
  Use: Scroll            |       |     4 |     5 ||     9
       Potion            |       |     3 |     3 ||     6
